 Dungeon Crawl Stone Soup version 0.18.1-6-gd335043 (webtiles) character file.

109 senseless the Skirmisher (level 4, -4/40 HPs)
             Began as a Centaur Chaos Knight on May 19, 2016.
             Was an Initiate of Cheibriados.
             Slain by Rationalist's ghost (6 damage)
             ... on level 3 of the Dungeon.
             The game lasted 00:10:48 (2326 turns).

senseless the Skirmisher (Centaur Chaos Knight)     Turns: 2326, Time: 00:10:48

Health: -4/40      AC:  7    Str: 14 (15) XL:     4   Next: 60%
Magic:  1/4        EV:  9    Int: 13 (14) God:    Cheibriados [......]
Gold:   53         SH:  0    Dex:  9 (11) Spells: 0 memorised, 3 levels left

rFire  . . .     SeeInvis .     i - +0 hand axe
rCold  . . .     Gourm    .     b - +3 leather armour
rNeg   . . .     Faith    .     (no shield)
rPois  .         Spirit   .     (no helmet)
rElec  .         Dismiss  .     (no cloak)
rCorr  .         Reflect  .     (no gloves)
SustAt .         Harm     .     (no barding)
MR     .....                    (no amulet)
Stlth  ..........               (no ring)
                                (no ring)

@: not resistant to hostile enchantments, extremely unstealthy
A: hooves 3, clever 1, deformed body, speed 2, sense surroundings 1, tough skin
3, wild magic 1
a: Bend Time, Renounce Religion


You were on level 3 of the Dungeon.
You worshipped Cheibriados.
Cheibriados was noncommittal.
You were not hungry.

You visited 1 branch of the dungeon, and saw 3 of its levels.

You collected 53 gold pieces.

Inventory:

Hand Weapons
 a - a +0 hand axe of chaos
 i - a +0 hand axe (weapon)
Armour
 b - a +3 leather armour (worn)
Scrolls
 d - a scroll of amnesia {unknown}
 e - 2 scrolls of identify
 g - a scroll of teleportation
 j - a scroll of remove curse
 k - a scroll of random uselessness {unknown}
Comestibles
 c - 2 bread rations
 f - a meat ration


   Skills:
 + Level 4.0 Fighting
 + Level 3.3 Axes
 + Level 1.9 Armour
 + Level 1.4 Dodging
 + Level 0.1 Stealth
 + Level 0.4 Unarmed Combat


You had 3 spell levels left.
You didn't know any spells.

Dungeon Overview and Level Annotations

Branches:
Dungeon (3/15)

Altars:
Cheibriados
Kikubaaqudgha
Makhleb

Annotations:
D:3 Rationalist's ghost, amateur FoFi


Innate Abilities, Weirdness & Mutations

You have hooves in place of feet.
Armour fits poorly on your strangely shaped body.
You cover ground very quickly.
You have extremely tough skin (AC +3).
Your mind is acute. (Int +2)
You passively map a small area around you.
Your spells are a little harder to cast, but a little more powerful.


Message History

You hear Xom's maniacal laughter.
Your body is wracked with pain!
Rationalist's ghost (amateur Formicid Fighter) comes into view.
Rationalist's ghost turns its malevolent gaze towards you.
You see here a short sword.
Rationalist's ghost shouts, "What do you have that I didn't have?"
You barely miss Rationalist's ghost. Rationalist's ghost closely misses you.
You hit Rationalist's ghost.
You kick Rationalist's ghost, but do no damage.
Rationalist's ghost is lightly damaged.
Rationalist's ghost hits you!
* * * LOW HITPOINT WARNING * * *
You barely miss Rationalist's ghost.
Rationalist's ghost is lightly damaged.
Rationalist's ghost hits you!
* * * LOW HITPOINT WARNING * * *
The flow of time bends around you.
Rationalist's ghost resists with some effort.
You feel slightly more hungry. Rationalist's ghost hits you.
You die...

* #.######.# #.#*.#
##...>....# #.##.# *
#.....<<..#####..#.#
#.#######..........#
#####......# ,
#.....## , * ##...##
,
##.#############.##
*#.....W@)........#
, ...$##############
, . , ,, , * , * ,,


You could see Rationalist's ghost.

Vanquished Creatures
  4 adders (D:2)
  An ooze (D:2)
  5 worms (D:2)
  3 dart slugs
  2 giant geckos
  4 bats
  3 giant cockroaches
  5 goblins
  6 hobgoblins
  6 jackals (D:2)
  A kobold (D:2)
  A quokka (D:2)
  2 giant newts
  4 rats
47 creatures vanquished.

Notes
Turn   | Place    | Note
--------------------------------------------------------------
     0 | D:1      | senseless the Centaur Chaos Knight began the quest for the Orb.
     0 | D:1      | Reached XP level 1. HP: 19/19 MP: 1/1
    60 | D:1      | Gained mutation: Your spells are a little harder to cast, but a little more powerful. [potion of mutation]
    60 | D:1      | Gained mutation: Your mind is acute. (Int +2) [potion of mutation]
    60 | D:1      | Gained mutation: You passively map a small area around you. [potion of mutation]
    89 | D:1      | Reached XP level 2. HP: 19/26 MP: 2/2
   305 | D:1      | XOM: silly message
   356 | D:1      | XOM: harmless Chrm miscast
   696 | D:1      | XOM: harmless Hex miscast
   913 | D:1      | XOM: cast spell 'Hydra Form'
   959 | D:2      | Reached XP level 3. HP: 14/31 MP: 3/3
  1080 | D:2      | XOM: 2-stop teleportation journey
  1092 | D:2      | XOM: potion effect (curing)
  1096 | D:2      | XOM: cast spell 'Hydra Form'
  1097 | D:2      | Reached skill level 1 in Dodging
  1326 | D:2      | Found a burning altar of Makhleb.
  1392 | D:2      | Reached XP level 4. HP: 34/40 MP: 4/4
  1408 | D:2      | Found a snail-covered altar of Cheibriados.
  1434 | D:2      | Fell from the grace of Xom
  1434 | D:2      | Became a worshipper of Cheibriados the Contemplative
  1646 | D:2      | XOM: noise
  1714 | D:2      | Found an ancient bone altar of Kikubaaqudgha.
  1784 | D:2      | Reached skill level 4 in Fighting
  2316 | D:3      | XOM: torment (20/40 hp)
  2320 | D:3      | Noticed Rationalist's ghost (amateur FoFi)
  2325 | D:3      | HP: 1/40 [Rationalist's ghost (7)]
  2326 | D:3      | Slain by Rationalist's ghost

Skill      XL: |  1  2  3  4 |
---------------+-------------+-----
Axes           | 3 |  3.3
Dodging        | 1 |  1.4
Fighting       | 4 |  4.0
Armour         | |  1.9
Stealth        | |  0.1
Unarmed Combat | |  0.4

Action                   |  1- 3 |  4- 6 || total
-------------------------+-------+-------++-------
Melee: Hand axe          |   115 |    67 ||   182
       Kick              |    21 |    15 ||    36
       Unarmed           |     9 |       ||     9
Invok: Bend Time         |       |     1 ||     1
  Use: Potion            |     5 |     1 ||     6
       Scroll            |     2 |     1 ||     3
 Stab: Sleeping          |     1 |       ||     1
Armor: Leather armour    |    59 |    19 ||    78
       Skin              |     4 |       ||     4
Dodge: Dodged            |    49 |    31 ||    80
